Map: Cyber Forest LE

Players

MaxPax - Winner!

  • Race: Protoss Protoss
  • League: Grandmaster
  • Spawn Location: 11:00

Railgan

  • Race: Zerg Zerg
  • League: Grandmaster
  • Spawn Location: 5:00

VOD

Have the link to the VOD?

Description

Time

  • Played on: April 10, 2019, 1:55 p.m.
  • Length: 13:01
Show
View Real Time Build Order
Export as new Build Order

MaxPax Protoss - Winner!

Build Orders: 1 Gate Expand, Oracle Opening, Chargelot Immortal 

Get SALT Encoding   

  12  0:00  Probe  
  13  0:12  Probe  
  14  0:21  Pylon  
  14  0:25  Probe  
  15  0:35  Probe  
  16  0:43  Probe  
  16  0:44  Gateway  
  16  0:49  Assimilator  
  17  0:53  Probe  
  18  1:05  Probe  
  19  1:17  Probe  
  20  1:28  Nexus  
  20  1:36  Cybernetics Core  
  20  1:40  Probe  
  20  1:46  Assimilator  
  21  1:52  Probe  
  22  1:55  Pylon  
  22  2:04  Probe  
  22  2:05  Adept  
  25  2:17  Probe  
  25  2:19  Stargate  
  26  2:26  Adept  
  26  2:28  Warp Gate  
  27  2:30  Probe  
  27  2:36  Probe  
  29  2:42  Probe  
  29  2:44  Probe  
  32  2:54  Probe x2  
  32  2:55  Oracle  
  32  2:57  Adept  
  39  3:06  Probe  
  39  3:12  Probe  
  41  3:18  Probe  
  43  3:27  Oracle  
  43  3:30  Probe  
  43  3:31  Assimilator  
  43  3:32  Assimilator  
  43  3:33  Pylon  
  46  3:44  Gateway  
  46  3:51  Probe x2  
  48  3:59  Pylon  
  48  4:03  Probe x2  
  48  4:08  Oracle  
  50  4:15  Probe x2  
  48  4:22  Pylon  
  51  4:24  Pylon  
  51  4:26  Adept  
  51  4:28  Probe  
  54  4:37  Oracle  
  54  4:43  Probe  
  54  4:44  Nexus  
  54  4:45  Pylon  
  57  4:46  Stalker  
  57  4:48  Probe  
  61  4:56  Probe, Adept  
  64  5:02  Probe  
  64  5:06  Pylon  
  65  5:07  Robotics Facility  
  65  5:08  Probe, Robotics Facility  
  66  5:18  Pylon  
  66  5:19  Sentry x2  
  66  5:20  Probe x2  
  70  5:32  Probe x2  
  70  5:40  Phoenix  
  72  5:44  Probe  
  72  5:45  Probe, Assimilator  
  72  5:46  Sentry  
  72  5:47  Assimilator, Adept  
  78  5:52  Forge  
  78  5:56  Probe x2, Twilight Council  
  80  5:59  Probe  
  81  6:05  Immortal  
  81  6:08  Probe x2  
  81  6:11  Probe  
  84  6:19  Immortal  
  84  6:20  Probe  
  84  6:21  Probe  
  84  6:25  Probe  
  84  6:32  Probe  
  90  6:33  Probe, Charge  
  90  6:38  Probe  
  90  6:39  Sentry x2  
  96  6:43  Gateway  
  96  6:46  Probe  
  97  6:48  Protoss Ground Weapons Level 1  
  97  6:53  Probe, Immortal  
  102  7:03  Probe  
  102  7:05  Immortal  
  102  7:06  Probe  
  102  7:07  Probe  
  109  7:10  Pylon  
  109  7:11  Pylon  
  109  7:20  Templar Archives  
  109  7:22  Gateway  
  109  7:28  Probe, Pylon x2  
  111  7:30  Probe  
  111  7:40  Immortal  
  111  7:43  Psionic Storm  
  108  7:45  Probe  
  108  7:47  Immortal  
  113  7:54  Gateway  
  113  7:55  Probe  
  113  7:56  Pylon  
  113  7:57  Gateway, Pylon  
  118  8:00  High Templar x2  
  122  8:06  High Templar  
  124  8:14  Observer  
  124  8:22  Warp Prism  
  126  8:31  High Templar  
  126  8:34  Stalker x2  
  132  8:35  Immortal  
  135  8:45  High Templar  
  137  8:51  Gateway  
  137  8:52  Gateway  
  137  8:53  Gateway, Shield Battery  
  137  8:54  Photon Cannon  
  137  8:55  Photon Cannon, Pylon  
  137  8:57  Pylon  
  137  9:00  Pylon  
  137  9:04  Immortal  
  137  9:07  High Templar x2  
  145  9:14  Immortal  
  147  9:28  Zealot x2  
  147  9:29  Zealot x2  
  152  9:44  Immortal  
  144  9:58  Zealot x6  
  144  9:59  Zealot  
  158  10:03  Immortal  
  162  10:09  Pylon x2  
  162  10:18  Zealot x3  
  162  10:19  Zealot x2  
  162  10:21  Immortal  
  162  10:30  Zealot x3  
  158  10:37  High Templar  
  158  10:38  High Templar x3  
  158  10:39  High Templar  
  158  10:40  Zealot x3, High Templar  
  174  10:44  Archon x3  
  174  10:45  Warp Prism  
  174  10:54  Stargate  
  170  11:01  Fleet Beacon  
  164  11:17  Immortal  
  150  11:22  Immortal  
  134  11:32  Zealot x3  
  146  11:33  Zealot x6  
  160  11:53  High Templar x2  
  162  11:55  High Templar x2  
  162  11:56  High Templar x2  
  162  11:59  Archon  
  164  12:04  Zealot  
  164  12:05  Zealot x2  
  160  12:10  Archon  
  160  12:13  Immortal x2  
  162  12:28  Zealot x3  
  162  12:29  Zealot x3  
  158  12:42  Archon, Zealot  
  158  12:43  Zealot x2  
  148  12:50  Zealot x6  
Show
View Real Time Build Order
Export as new Build Order

Railgan Zerg 

Build Orders: Hatch First, Roach Hydra 

Get SALT Encoding   

  12  0:01  Drone  
  13  0:12  Overlord  
  13  0:17  Drone  
  14  0:30  Drone x2  
  14  0:34  Drone  
  17  0:51  Hatchery  
  17  0:55  Drone  
  17  0:57  Drone  
  18  1:10  Extractor  
  17  1:15  Spawning Pool  
  17  1:16  Drone  
  17  1:19  Drone  
  18  1:28  Drone  
  19  1:38  Drone  
  20  1:49  Hatchery  
  20  1:52  Drone  
  20  2:01  Queen  
  20  2:05  Zergling x2  
  23  2:10  Queen  
  23  2:14  Drone  
  26  2:21  Metabolic Boost  
  26  2:26  Overlord  
  26  2:29  Drone  
  27  2:33  Drone  
  28  2:44  Queen  
  28  2:46  Zergling x2  
  28  2:47  Zergling x2  
  32  2:53  Queen  
  32  2:56  Drone  
  35  3:03  Drone  
  35  3:04  Drone x2  
  38  3:11  Overlord  
  38  3:12  Drone x2  
  40  3:14  Drone  
  40  3:19  Drone  
  42  3:26  Drone, Spore Crawler  
  42  3:33  Drone x5  
  47  3:39  Drone  
  47  3:40  Overlord  
  48  3:44  Drone x2  
  50  3:52  Spore Crawler  
  50  3:54  Overlord, Spore Crawler  
  48  3:57  Drone x2  
  48  4:09  Drone  
  44  4:10  Drone x5  
  44  4:14  Drone  
  46  4:20  Drone x2  
  48  4:25  Drone  
  48  4:27  Lair  
  50  4:31  Drone x2  
  50  4:33  Drone  
  52  4:40  Drone x2  
  52  4:41  Drone  
  52  4:42  Drone  
  52  4:43  Drone  
  56  4:48  Drone x2  
  56  4:50  Drone x2  
  56  4:52  Overlord  
  60  4:53  Drone x2  
  62  5:02  Roach Warren  
  62  5:03  Evolution Chamber  
  60  5:08  Spore Crawler  
  60  5:10  Spore Crawler  
  60  5:11  Spore Crawler  
  57  5:14  Drone x2  
  57  5:17  Overlord  
  57  5:18  Overlord  
  59  5:24  Zergling x4  
  57  5:31  Drone x10  
  66  5:39  Drone  
  66  5:40  Drone  
  66  5:42  Drone  
  69  5:45  Overlord  
  69  5:47  Extractor  
  68  5:52  Spire  
  68  5:54  Drone x6  
  68  5:56  Extractor  
  72  5:57  Extractor  
  72  5:59  Overlord  
  72  6:01  Drone x2, Extractor  
  72  6:02  Extractor  
  71  6:04  Queen  
  71  6:07  Glial Reconstitution  
  71  6:13  Roach  
  71  6:14  Roach  
  71  6:17  Drone, Overlord  
  71  6:18  Drone x3  
  76  6:21  Roach  
  76  6:23  Drone, Overlord  
  76  6:24  Drone  
  78  6:30  Roach  
  78  6:31  Roach x5  
  90  6:33  Roach  
  90  6:38  Roach  
  94  6:41  Drone  
  95  6:49  Roach x2  
  95  6:51  Zerg Missile Weapons Level 1  
  95  6:52  Drone, Hatchery  
  95  6:54  Drone  
  100  6:57  Hydralisk Den  
  99  7:07  Overlord x2  
  99  7:09  Roach x6  
  99  7:10  Roach  
  99  7:14  Pneumatized Carapace  
  99  7:15  Drone  
  114  7:35  Hydralisk x2  
  114  7:36  Hydralisk x5  
  124  7:41  Drone x2  
  123  7:45  Drone  
  123  7:47  Drone x3  
  123  7:48  Hydralisk, Grooved Spines  
  123  7:50  Overlord x2  
  129  7:52  Overlord  
  129  7:58  Nydus Network  
  129  8:00  Drone x2  
  129  8:01  Overlord  
  129  8:04  Hydralisk  
  129  8:05  Hydralisk x2  
  132  8:06  Overlord  
  132  8:07  Overlord  
  136  8:13  Hydralisk  
  136  8:14  Hydralisk  
  138  8:26  Hydralisk x2  
  138  8:32  Hydralisk x2  
  144  8:34  Spore Crawler  
  144  8:35  Hydralisk  
  144  8:36  Hydralisk x2  
  144  8:37  Hydralisk  
  144  8:38  Hydralisk  
  149  8:48  Hydralisk, Nydus Canal  
  149  8:49  Hydralisk x4  
  149  8:52  Drone x2  
  161  8:56  Zergling x8  
  161  8:58  Queen  
  161  9:02  Drone x2, Hydralisk, Extractor  
  168  9:06  Zerg Missile Weapons Level 2  
  168  9:08  Muscular Augments  
  170  9:15  Zergling x6  
  173  9:29  Zergling x2  
  173  9:30  Zergling x16  
  173  9:31  Overlord x2  
  180  9:41  Hydralisk x2  
  180  9:43  Nydus Canal  
  170  9:55  Hydralisk x6  
  170  9:57  Hydralisk x2  
  172  10:01  Hydralisk x2  
  172  10:03  Nydus Canal  
  172  10:07  Drone  
  175  10:20  Hatchery  
  171  10:21  Overseer, Ravager  
  171  10:22  Hydralisk  
  171  10:23  Hydralisk x4  
  173  10:29  Roach x2  
  173  10:30  Drone x2  
  175  10:37  Hydralisk x7  
  175  10:41  Drone  
  175  10:42  Drone x2  
  192  10:43  Overlord  
  192  11:03  Roach  
  192  11:04  Roach x3  
  171  11:15  Hydralisk x10  
  171  11:16  Hydralisk  
  173  11:23  Hydralisk x3  
  145  11:29  Zergling x2  
  145  11:30  Zergling x12  
  144  11:34  Nydus Canal  
  144  11:35  Drone x4  
  148  11:45  Hydralisk  
  150  11:50  Hydralisk x4  
  150  11:51  Hydralisk x3  
  150  11:54  Nydus Canal  
  152  12:06  Hydralisk x2  
  152  12:07  Hydralisk x5  
  154  12:14  Hydralisk  
  154  12:15  Hydralisk x4  
  154  12:18  Roach  
  154  12:19  Roach  
  154  12:21  Roach, Zergling x4  
  170  12:27  Zergling x2  
  170  12:29  Zergling x2  
  162  12:30  Zergling x2  
  140  12:40  Roach  
  140  12:41  Roach x7  
Tags
 
Add a new tag
Caveats
  • Supply blocks, unpowered buildings, or Contaminate may cause inaccurate times.
  • Supply counts are checked every 10 seconds.